 Dungeon Crawl Stone Soup version 0.31-a0-854-g362426d53f (webtiles) character file.

Game seed: 16089263911093117068

221 Kurtz the Sneak (level 5, -7/44 (49) HPs)
             Began as a Naga Delver on Oct 8, 2023.
             Splashed by a jelly's acid (10 damage)
             ... on level 4 of the Dungeon.
             The game lasted 00:04:28 (3072 turns).

Kurtz the Sneak (Naga Delver)                       Turns: 3072, Time: 00:04:28

HP:   -7/44 (49)    AC:  0    Str: 16    XL:     5   Next: 98%
MP:   5/5           EV:  5    Int: 11    God:
Gold: 159           SH:  0    Dex: 12    Spells: 4/4 levels left

rFire   . . .        o - +1 hand axe (venom)
rCold   . . .        (no shield)
rNeg    . . .        y - +0 chain mail
rPois   +            (no helmet)
rElec   .            u - +0 cloak
rCorr   .            (no gloves)
SInv    +            (no barding)
Will    .....        (no amulet)
Stlth   +            (no ring)
HPRegen 0.27/turn    (no ring)
MPRegen 0.09/turn

%: no passive effects
@: corroded, hasted, heavily drained, quick
A: AC +1, large, see invisible, deformed body, poison resistance, slowness 2,
spit poison 1, naga tail 1
a: Spit Poison


You were on level 4 of the Dungeon.
You visited 1 branch of the dungeon, and saw 5 of its levels.

You collected 181 gold pieces.
You spent 22 gold pieces at shops.

Inventory:

Hand Weapons
 a - a +0 hand axe
 i - a +1 whip of electrocution
 l - a +0 war axe
 o - a +1 hand axe of venom (weapon)
Missiles
 v - 2 poisoned darts (quivered)
Armour
 b - a +0 leather armour
 u - a +0 cloak (worn)
 x - a +0 scale mail
 y - a +0 chain mail (worn)
Jewellery
 q - an amulet of magic regeneration
 w - a ring of flight
Wands
 g - a wand of digging (3)
Scrolls
 c - a scroll of fog
 d - 2 scrolls of revelation
 e - a scroll of fear
 h - 2 scrolls of teleportation {unknown}
 m - a scroll of blinking {unknown}
 n - 3 scrolls of identify
 p - 2 scrolls of amnesia {unknown}
 s - 3 scrolls of immolation {unknown}
 z - 3 scrolls of vulnerability {unknown}
 A - 2 scrolls of enchant armour {unknown}
 B - 3 scrolls of acquirement {unknown}
Potions
 f - a potion of haste
 j - a potion of degeneration {unknown}
 k - 2 potions of ambrosia {unknown}
 r - a potion of mutation {unknown}
 t - 2 potions of enlightenment {unknown}


   Skills:
 * Level 3.3 Fighting
 * Level 5.3 Axes
 * Level 1.3 Armour
 * Level 1.8 Dodging
 - Level 7.2 Stealth


You had 4 spell levels left.
You didn't know any spells.
Your spell library contained the following spells:

 Spells                   Type           Power      Damage    Failure   Level
 Apportation              Tloc           0%         N/A       99%         1
 Necrotise                Necr           0%         1d4       99%         1
 Summon Small Mammal      Summ           0%         N/A       99%         1
 Blink                    Tloc           0%         N/A       100%        2
 Lesser Beckoning         Tloc           0%         N/A       100%        2
 Momentum Strike          Conj/Tloc      0%         3d8       100%        2
 Vampiric Draining        Necr           0%         2d6       100%        3
 Agony                    Necr           0%         N/A       100%        5


Dungeon Overview and Level Annotations

Branches:
Dungeon (5/15)
 Temple: D:4-7

Altars:
Hepliaklqana
Xom
The Shining One

Shops:
D:2 ?   D:3 [

Annotations:
D:4 1 runed translucent door, Kurtz's ghost, weakling NaDe
D:5 exclusions: black bear and upstairs


Innate Abilities, Weirdness & Mutations

Your serpentine skin is tough. (AC +1)
You have supernaturally acute eyesight. (SInv)
Armour fits poorly on your strangely shaped body.
Your system is resistant to poisons. (rPois)
You cover ground very slowly.
You can spit poison.
You have a snake-like lower body.


Message History

The goblin unwields a +0 club.
The goblin wields a +0 sling.
The goblin shoots a sling bullet.
The sling bullet hits you but does no damage.
A goblin is nearby!
The jelly quivers.
The goblin shoots a sling bullet.
The sling bullet hits you.
There is an open door, spattered with blood here.
The goblin shoots a sling bullet.
The sling bullet barely misses you.
The goblin shoots a sling bullet.
The sling bullet completely misses you.
The goblin shoots a sling bullet.
The sling bullet hits you.
There is an open door, spattered with blood here.
The goblin shoots a sling bullet.
The sling bullet hits you but does no damage.
You swing at nothing.
You swing at nothing.
You swing at nothing.
You hit the jelly.
Your hands burn!
The jelly is lightly wounded.
The jelly hits you but does no damage. x2
You hit the jelly. The acid corrodes you!
Your hands burn!
The jelly is moderately wounded.
The jelly hits you but does no damage.
You hit the jelly. The acid corrodes you!
Your hands burn!
The jelly is moderately wounded.
The jelly completely misses you.
You hit the jelly but do no damage.
Your hands burn!
The jelly is moderately wounded.
The jelly barely misses you.
You hit the jelly but do no damage.
Your hands burn!
The jelly is moderately wounded.
The jelly hits you. The acid corrodes you!
You are splashed with acid.
You hit the jelly but do no damage.
Your hands burn!
The jelly is moderately wounded.
The jelly hits you.
You are splashed with acid!
* * * LOW HITPOINT WARNING * * *
Unknown command.
You feel yourself speed up. The jelly hits you.
* * * LOW HITPOINT WARNING * * *
You are splashed with acid!
You die...

######'#....#'#####
#####..##+#.......#
.........†'.......#
..........#.......#
#..########.......#
####..............#######
...#.......#+#####...(.(#
...'.......+.....Jg.....#
####.......#....@#......#####
.....######......#.J.>.......
.....# #......#.....w.....
.....# ########...........
.....# #.........w. .....###
#........... ##'##..#
#......##### #......#
#......# #......# #...$..#


You could see a jelly and a goblin.

Vanquished Creatures
  A scorpion (D:5)
  An orc priest (D:3)
  A jelly (D:3)
  An iguana (D:4)
  An orc wizard (D:3)
  A worm (D:3)
  A dart slug (D:3)
  5 orcs
  9 ball pythons
  6 bats
  3 endoplasms (D:1)
  2 giant cockroaches
  7 goblins
  3 hobgoblins
  A quokka (D:2)
  A frilled lizard (D:1)
  4 kobolds
  3 rats
51 creatures vanquished.

Notes
Turn   | Place    | Note
-------+----------+-------------------------------------------
     0 | D:5      | Kurtz the Naga Delver began the quest for the Orb.
     0 | D:5      | Reached XP level 1. HP: 21/21 MP: 1/1
    89 | D:5      | Identified the +3 falchion of the Gnat {pain, *Slow rC+++
                  | Str+4}
    97 | D:4      | Noticed a jelly
   169 | D:5      | Noticed a black bear
   194 | D:5      | Noticed a scorpion
   200 | D:5      | Killed a scorpion
   201 | D:5      | Reached XP level 2. HP: 9/28 MP: 2/2
   201 | D:5      | Reached XP level 3. HP: 11/34 MP: 3/3
   297 | D:4      | Reached XP level 4. HP: 26/42 MP: 4/4
   459 | D:4      | Found a runed translucent door.
   459 | D:4      | Noticed Kurtz's ghost (weakling NaDe)
  1618 | D:2      | Reached XP level 5. HP: 32/49 MP: 5/5
  1771 | D:2      | Found a shimmering altar of Xom.
  1921 | D:2      | Found Ositheinob's Magic Scroll Shop.
  1927 | D:2      | Bought a scroll of identify for 22 gold pieces
  2141 | D:3      | Found a glowing golden altar of the Shining One.
  2186 | D:3      | Found Wiahyho's Antique Armour Shoppe.
  2194 | D:3      | Reached skill level 5 in Axes
  2356 | D:3      | Found a hazy altar of Hepliaklqana.
  2435 | D:3      | Reached skill level 1 in Armour
  2708 | D:3      | Found a faded altar of an unknown god.
  3072 | D:4      | Splashed by a jelly's acid

Illustrated notes

Levels and vault maps discovered:
D:1:      saegor_arrival_under_anarchy, layout_basic, nrook_campfire,
          minmay_misc_feat_plants
D:2:      layout_rooms, basic_altar, serial_shops, shop, minmay_heptomino_h4,
          uniq_crazy_yiuf_cottage
D:3:      layout_loops_ring, mainiacjoe_overflow_paths,
          worldfamousw_hep_ancestral_shrine,
          shapermc_ecumenical_altar_flowoftime, serial_shops,
          nicolae_shop_peninsula
D:4:      layout_gridville, hellmonk_ghost_happy_afterlife,
          minmay_fractal_squares_diagonal_5, uniq_blork_the_orc, uniq_robin
D:5:      layout_basic, nemelex_xobeh_ov_fountains_minmay

Skill      XL: |  1  2  3  4  5 |
---------------+----------------+-----
Axes           | 4 5 |  5.3
Armour         | 1 |  1.3
Fighting       | |  3.3
Dodging        | |  1.8
Stealth        | |  7.2

Action                     |  1- 3 |  4- 6 || total
---------------------------+-------+-------++-------
  Melee: Whip              |     4 |    27 ||    31
         Hand axe          |       |   113 ||   113
  Throw: Dart              |       |     2 ||     2
Ability: Spit Poison       |     2 |     3 ||     5
    Use: Potion            |     1 |     1 ||     2
   Stab: Sleeping          |       |    10 ||    10
 Armour: Leather armour    |     7 |    50 ||    57
         Chain mail        |       |    61 ||    61
  Dodge: Dodged            |     1 |    32 ||    33

Table legend: (Time is in decaauts)
 A = Elapsed time spent in this place.
 B = Non-inter-level travel time spent in this place.
 C = Inter-level travel time spent in this place.
 D = Time resting spent in this place.
 E = Time spent auto-exploring this place.
 F = Levels seen in this place.
 G = Mean time per level.
                   A        B        C        D        E       F      G
               +--------+--------+--------+--------+--------+-----+--------+
         Total |   3975 |   3658 |    317 |    324 |   2790 |   5 |  795.0 |
       Dungeon |   3975 |   3658 |    317 |    324 |   2790 |   5 |  795.0 |
               +--------+--------+--------+--------+--------+-----+--------+

Top non-repeatable levels by time:
     D:3: 1204 daAuts
     D:1: 992 daAuts
     D:2: 759 daAuts
     D:4: 654 daAuts
     D:5: 364 daAuts
